 Dungeon Crawl Stone Soup version 0.27.0-1-g7a089689b8 (webtiles) character file.

Game seed: 18444540814238251930

1745 Edwards80 the Blocker (level 8, -7/64 HPs)
             Began as a Minotaur Fighter on Aug 15, 2021.
             Killed from afar by an electric eel (8 damage)
             ... with a bolt of electricity
             ... on level 6 of the Dungeon.
             The game lasted 00:16:19 (5435 turns).

Edwards80 the Blocker (Minotaur Fighter)            Turns: 5435, Time: 00:16:20

Health: -7/64      AC: 14    Str: 22    XL:     8   Next: 77%
Magic:  6/6        EV:  3    Int:  5    God:
Gold:   174        SH: 23    Dex: 17    Spells: 7/7 levels left

rFire    . . .     SeeInvis +   w - +4 short sword (elec)
rCold    . . .     Faith    .   o - +0 tower shield
rNeg     . . .     Spirit   .   e - +0 plate armour
rPois    +         Reflect  +   (helmet restricted)
rElec    .         Harm     .   (no cloak)
rCorr    .         Rampage  .   n - +0 pair of gloves
Will     .....     Rnd*Rage +   (no boots)
Stlth    ..........             m - amulet of reflection
HPRegen  0.20/turn              v - ring of see invisible
MPRegen  0.10/turn              y - +6 ring of dexterity

@: no status effects
A: horns 2, retaliatory headbutt, iridescent scales 1, berserk 1, low mp 1,
poison resistance
a: no special abilities


You were on level 6 of the Dungeon.
You visited 1 branch of the dungeon, and saw 6 of its levels.
You also visited: Sewer.

You collected 174 gold pieces.

Inventory:

Hand Weapons
 a - a +1 dagger of speed
 w - a +4 short sword of electrocution (weapon)
 C - a +0 rapier of speed
Armour
 e - a +0 plate armour (worn)
 n - a +0 pair of gloves (worn)
 o - a +0 tower shield (worn)
 p - a +2 ring mail of poison resistance
Jewellery
 m - an amulet of reflection (around neck)
 v - a ring of see invisible (left hand)
 y - a +6 ring of dexterity (right hand)
Wands
 d - a wand of flame (13)
Scrolls
 b - a scroll of teleportation
 f - a scroll of magic mapping
 g - a scroll of amnesia
 h - a scroll of fear {unknown}
 i - 4 scrolls of vulnerability
 l - 2 scrolls of identify
 r - a scroll of blinking {unknown}
 s - a scroll of noise {unknown}
 u - a scroll of torment {unknown}
Potions
 c - a potion of mutation
 j - a potion of flight
 k - a potion of lignification
 t - a potion of curing
 x - 3 potions of haste
 z - 2 potions of heal wounds
 A - a potion of invisibility
 B - a potion of cancellation


   Skills:
 - Level 3.6 Fighting
 * Level 5.2(7.1) Short Blades
 - Level 8.2(9.0) Long Blades
 - Level 3.6 Armour
 + Level 9.9 Shields


You had 7 spell levels left.
You didn't know any spells.
Your spell library contained the following spells:

 Spells                   Type           Power      Damage    Failure   Level
 Pain                     Necr           0%         1d4       100%        1
 Ozocubu's Armour         Ice            0%         N/A       100%        3
 Ozocubu's Refrigeration  Ice            0%         4d5       100%        7


Dungeon Overview and Level Annotations

Branches:
Dungeon (6/15)              Sewer (visited)
 Temple: D:4-7

Altars:
Dithmenos
Gozag
Qazlal
Ru
Sif Muna
Trog
Uskayaw
Vehumet
Xom
Yredelemnul

Annotations:
D:2 1 runed translucent door, Crazy Yiuf


Innate Abilities, Weirdness & Mutations

You have a pair of horns on your head.
You reflexively headbutt those who attack you in melee.
You are partially covered in iridescent scales. (AC +2)
You tend to lose your temper in combat.
Your magical capacity is low. (-10% MP)
Your system is resistant to poisons. (rPois)


Message History

Your unstable footing causes you to fumble your attack.
You block the bullfrog zombie's attack.
The electric eel shoots out a bolt of lightning at you!
The bolt of electricity hits you!
The bullfrog zombie hits you but does no damage.
You are too injured to fight recklessly!
You are too injured to fight recklessly!
You are too injured to fight recklessly!
You hit the bullfrog zombie.
Lightning courses through the bullfrog zombie!
You headbutt the bullfrog zombie!
The bullfrog zombie is almost destroyed.
The electric eel shoots out a bolt of lightning at you!
The bolt of electricity hits you. You block the bullfrog zombie's attack.
You hit the bullfrog zombie.
Lightning courses through the bullfrog zombie!!
You destroy the bullfrog zombie!
Why would you want to do that? Why would you want to do that?
The electric eel shoots out a bolt of lightning at you!
The bolt of electricity hits you!
You see here a scroll labelled YPNANL ERIFE.
Why would you want to do that?
You enter the shallow water.
Moving in this stuff is going to be slow.
The electric eel shoots out a bolt of lightning at you!
The bolt of electricity hits you!
* * * LOW HITPOINT WARNING * * *
The electric eel shoots out a bolt of lightning at you!
The bolt of electricity hits you.
* * * LOW HITPOINT WARNING * * *
An electric eel comes into view.
The electric eel shoots out a bolt of lightning at you!
The bolt of electricity hits you.
* * * LOW HITPOINT WARNING * * *
You hit the electric eel but do no damage.
You barely miss the electric eel.
The electric eel shoots out a bolt of lightning at you!
The bolt of electricity hits you!
You die...

≈.≈...≈≈≈.....≈≈.#
≈≈≈.≈≈≈≈≈.≈≈≈≈≈...
♣≈.≈♣♣♣≈≈≈♣♣♣≈.#.
♣≈$≈ ♣≈.≈♣ ...
♣♣♣≈.≈♣♣♣≈≈≈♣♣♣≈...
≈≈≈≈.≈≈≈≈≈$≈≈≈≈≈.##
≈≈≈....≈?≈..≈≈.≈.#
≈≈≈≈≈≈≈≈≈;≈≈≈≈≈≈≈#
♣♣♣≈≈≈♣♣♣≈@≈♣♣♣≈≈#
♣≈.≈ ♣≈.≈♣ ≈.. ♣≈.
♣≈≈≈♣ .. ≈≈≈≈
≈≈≈≈≈≈ ≈...
.≈≈.≈.≈≈ ≈≈≈≈
≈≈≈≈≈≈≈≈≈
≈♣♣♣≈≈≈♣♣♣≈ ≈≈
♣≈≈≈♣ ≈≈


You could see an electric eel.

Vanquished Creatures
  Grinder (D:5)
  Prince Ribbit (D:5)
  Eustachio (D:5)
  2 water moccasins
  A necrophage (D:4)
  An ogre (D:5)
  A phantom (Sewer)
  Blork the orc (D:5)
  A kobold brigand (Sewer)
  2 scorpions
  A wight (Sewer)
  A bullfrog zombie (D:6)
  A hound (D:5)
  Jessica (D:2)
  4 iguanas
  Terence (D:2)
  4 gnolls (D:4)
  8 adders
  5 shadow imps (Sewer)
  3 ufetubi
  2 worms
  2 dart slugs
  8 ball pythons
  A bat zombie (Sewer)
  13 endoplasms
  5 giant cockroaches
  3 goblins
  5 hobgoblins
  10 jackals
  10 kobolds
  2 quokkas
  4 bats
  A frilled lizard (D:3)
  5 kobold zombies (Sewer)
  6 rats
118 creatures vanquished.

Vanquished Creatures (others)
  A kobold (Sewer)
1 creature vanquished.

Grand Total: 119 creatures vanquished

Notes
Turn   | Place    | Note
-------+----------+-------------------------------------------
     0 | D:1      | Edwards80 the Minotaur Fighter began the quest for the Orb.
     0 | D:1      | Reached XP level 1. HP: 19/19 MP: 0/0
   117 | D:1      | Found a faded altar of an unknown god.
   130 | D:1      | Got Plato's Incunabulum of Black Secrets
   169 | D:1      | Reached XP level 2. HP: 26/26 MP: 1/1
   750 | D:2      | Reached XP level 3. HP: 12/31 MP: 2/2
  1253 | D:2      | Reached skill level 5 in Long Blades
  1274 | D:2      | Noticed Jessica
  1279 | D:2      | Killed Jessica
  1280 | D:2      | Reached XP level 4. HP: 36/39 MP: 3/3
  1587 | D:2      | Found a runed translucent door.
  1588 | D:2      | Noticed Crazy Yiuf
  1689 | D:2      | Noticed Terence
  1815 | D:2      | Killed Terence
  2232 | D:3      | Reached skill level 4 in Shields
  2234 | D:3      | Reached XP level 5. HP: 45/45 MP: 4/4
  2532 | D:3      | Found a hide-covered altar of Uskayaw.
  2732 | D:4      | Noticed a water moccasin
  2737 | D:4      | Killed a water moccasin
  2825 | D:4      | Reached XP level 6. HP: 46/51 MP: 5/5
  3119 | D:4      | Reached skill level 5 in Shields
  3740 | D:4      | Found a basalt altar of Yredelemnul.
  3745 | D:4      | Found a shimmering altar of Xom.
  3746 | D:4      | Found a shimmering blue altar of Sif Muna.
  3747 | D:4      | Found a bloodstained altar of Trog.
  3748 | D:4      | Found a shadowy altar of Dithmenos.
  3749 | D:4      | Found a stormy altar of Qazlal.
  3749 | D:4      | Found an opulent altar of Gozag.
  3750 | D:4      | Found a sacrificial altar of Ru.
  3875 | D:5      | Entered Level 5 of the Dungeon
  3927 | D:5      | Reached XP level 7. HP: 57/57 MP: 6/6
  3936 | D:5      | Found a glowing drain.
  3940 | Sewer    | Entered a sewer
  4052 | Sewer    | Reached skill level 6 in Shields
  4135 | Sewer    | Found an ancient bone altar of Kikubaaqudgha.
  4428 | Sewer    | Reached skill level 1 in Short Blades
  4671 | D:5      | Noticed Grinder
  4689 | D:5      | Killed Grinder
  4690 | D:5      | Reached skill level 7 in Shields
  4785 | D:5      | Noticed Eustachio
  4787 | D:5      | Noticed Blork the orc
  4798 | D:5      | Killed Blork the orc
  4799 | D:5      | Reached skill level 8 in Shields
  4799 | D:5      | Reached XP level 8. HP: 60/64 MP: 7/7
  4819 | D:5      | Killed Eustachio
  4820 | D:5      | Reached skill level 9 in Shields
  4831 | D:5      | Gained mutation: Your magical capacity is low. (-10% MP)
                  | [potion of mutation]
  4831 | D:5      | Gained mutation: You tend to lose your temper in combat.
                  | [potion of mutation]
  4831 | D:5      | Gained mutation: Your system is resistant to poisons.
                  | (rPois) [potion of mutation]
  4831 | D:5      | Gained mutation: You are partially covered in iridescent
                  | scales. (AC +2) [potion of mutation]
  5019 | D:5      | Found a radiant altar of Vehumet.
  5196 | D:5      | Noticed Prince Ribbit
  5292 | D:5      | Killed Prince Ribbit
  5393 | D:6      | Reached skill level 5 in Short Blades
  5433 | D:6      | HP: 1/64 [electric eel/bolt of electricity (4)]
  5435 | D:6      | Killed from afar by an electric eel

Illustrated notes

Levels and vault maps discovered:
D:1:      nicolae_arrival_memento_mori, layout_basic,
          shapermc_ecumenical_altar_rom_forum
D:2:      layout_basic, minmay_octomino_e4, uniq_crazy_yiuf_cottage,
          uniq_terence, uniq_jessica
D:3:      layout_loops_ring, nicolae_overflow_hidden_temple, serial_glass,
          glass_columns_a, glass_columns_a
D:4:      layout_basic, grunt_temple_overflow_open, minmay_misc_feat_tiny,
          minmay_crossroads
D:5:      layout_basic, vehumet_crystals, gup_sewer_entry_bowl, uniq_eustachio,
          uniq_blork_the_orc, uniq_prince_ribbit1, uniq_grinder
D:6:      layout_loops_corners, minmay_temple_entry_enclosed_plants,
          kennysheep_boxes, uniq_menkaure

Skill      XL: |  1  2  3  4  5  6  7  8 |
---------------+-------------------------+-----
Long Blades    | 3 4 5 6 7 8 |  8.2
Shields        | 4 5 8 9 |  9.9
Short Blades   | 2 5 |  5.2
Fighting       | |  3.6
Armour         | |  3.6

Action                   |  1- 3 |  4- 6 |  7- 9 || total
-------------------------+-------+-------+-------++-------
Melee: Long sword        |    66 |   143 |    49 ||   258
       Headbutt          |     7 |    33 |    25 ||    65
       Unarmed           |       |     4 |       ||     4
       Short sword       |       |       |    86 ||    86
  Use: Scroll            |       |     3 |     8 ||    11
       Potion            |       |       |     2 ||     2
Armor: Scale mail        |    35 |    24 |       ||    59
       Chain mail        |       |    20 |       ||    20
       Ring mail         |       |     2 |    23 ||    25
       Plate armour      |       |       |     2 ||     2
Dodge: Dodged            |    19 |    26 |    16 ||    61
Block: Kite shield       |    34 |    13 |       ||    47
       Tower shield      |       |   156 |   132 ||   288
       Reflection        |       |     7 |     7 ||    14
       Other             |       |     1 |       ||     1
       Rpst.: Long sword |     6 |     9 |     1 ||    16
